 Dungeon Crawl Stone Soup version 0.21.1-1-g345015fe64 (webtiles) character file.

13221 Kohma the Carver (level 11, 0/97 HPs)
             Began as a Minotaur Fighter on June 23, 2018.
             Was a High Priest of Okawaru.
             Incinerated by 359359's ghost (5 damage)
             ... with a sticky flame
             ... on level 11 of the Dungeon.
             The game lasted 00:32:04 (9769 turns).

Kohma the Carver (Minotaur Fighter)                 Turns: 9769, Time: 00:32:04

Health: 0/97       AC: 26    Str: 22    XL:     11   Next: 72%
Magic:  6/12       EV:  9    Int:  5    God:    Okawaru [*****.]
Gold:   632        SH: 17    Dex: 12    Spells: 10/10 levels left

rFire    . . .     SeeInvis .   J - +1 scimitar (slice)
rCold    . . .     Gourm    .   c - +0 shield
rNeg     . . .     Faith    .   h - +0 plate armour
rPois    .         Spirit   .   d - +2 hat {MR+}
rElec    .         Reflect  +   i - +1 cloak
rCorr    .         Harm     .   G - +3 pair of gauntlets of War {Slay+5}
MR       +....                  (no boots)
Stlth    ..........             g - +2 amulet of reflection
HPRegen  0.26/turn              x - +2 ring of protection
MPRegen  0.13/turn              (no ring)

@: liquid flames, about to teleport, heroism, glowing
A: retaliatory headbutt, horns 2
a: Heroism, Finesse, Renounce Religion


You were on level 11 of the Dungeon.
You worshipped Okawaru.
Okawaru was extremely pleased with you.
You were not hungry.

You visited 3 branches of the dungeon, and saw 13 of its levels.

You collected 632 gold pieces.

Inventory:

Hand Weapons
 a - a +1 long sword
 w - a +0 hunting sling
 J - a +1 scimitar of slicing (weapon)
 K - a +2 dagger of flaming
Missiles
 v - 139 sling bullets
 y - 14 javelins (quivered)
 C - 6 steel javelins
Armour
 b - a +0 pair of gloves of strength
 c - a +0 shield (worn)
 d - a +2 hat of magic resistance (worn)
 h - a +0 plate armour (worn)
 i - a +1 cloak (worn)
 G - the +3 pair of gauntlets of War (worn) {Slay+5}
   (Okawaru gifted it to you on level 7 of the Dungeon)

   It affects your accuracy and damage with ranged weapons and melee attacks
   (+5).
Jewellery
 g - a +2 amulet of reflection (around neck)
 x - a +2 ring of protection (left hand)
Wands
 n - a wand of clouds (7)
 r - a wand of paralysis (15)
 A - a wand of flame (35)
 E - a wand of random effects (16)
 I - a wand of iceblast (6)
 M - a wand of polymorph (17)
 N - a wand of disintegration (14)
 O - a wand of digging (11)
Scrolls
 e - 7 scrolls of teleportation
 j - a scroll of enchant armour
 l - a scroll of magic mapping
 o - 2 scrolls of remove curse
 D - a scroll of identify
 H - a scroll of enchant weapon
Potions
 k - a potion of flight
 p - 5 potions of curing
 t - a potion of mutation
 u - a potion of haste
 z - a potion of magic
 B - a potion of ambrosia
 L - a potion of might
Comestibles
 f - 22 rations
 P - 2 chunks of flesh


   Skills:
 + Level 9.0(14.0) Fighting
 - Level 14.0(19.0) Long Blades
 * Level 6.9(11.9) Armour
 * Level 13.6(18.6) Shields
 + Level 3.2 Invocations


You had 10 spell levels left.
You didn't know any spells.

Dungeon Overview and Level Annotations

Branches:
Dungeon (11/15)            Temple (1/1) D:4            Lair (0/6) D:10
    Orc (1/2) D:9

Altars:
Ashenzari
Elyvilon
Gozag
Hepliaklqana
Kikubaaqudgha
Makhleb
Okawaru
Ru
Trog
Uskayaw
Wu Jian
Xom

Shops:
D:8 :

Annotations:
D:7 exclusion: downstairs


Innate Abilities, Weirdness & Mutations

You reflexively headbutt those who attack you in melee.
You have a pair of horns on your head.


Message History

Your base Fighting skill increases to level 9!
You are covered in liquid flames!
You are covered in liquid flames!
* * * LOW HITPOINT WARNING * * *
You are covered in liquid flames!
* * * LOW HITPOINT WARNING * * *
You are covered in liquid flames!
* * * LOW HITPOINT WARNING * * *
Your hands slow down.
Okay, then.
As you read the scroll of teleportation, it crumbles to dust.
You feel strangely unstable.
You are covered in liquid flames!
* * * LOW HITPOINT WARNING * * *
You are covered in liquid flames!
* * * LOW HITPOINT WARNING * * *
You are covered in liquid flames!
* * * LOW HITPOINT WARNING * * *
You are covered in liquid flames!
You die...

####.#.# #...#
##..######.# ##........#
#....###### . #.#....#
... ######.^#......
...a.####............##
..[YYo)Y.YYY.@.........
...oZ##########.##.##...
... #.# .# ... . .. #
.## ..


You could see 4 yaks.

Vanquished Creatures
  Gastronok (D:8)
  3 two-headed ogres
  The ghost of
  359359 the Basher, a journeyman TeFE of Kikubaaqudgha (D:11)
  The ghost of
  359359 the Carver, a novice HuBe of Trog (D:8)
  Nergalle (D:9)
  The ghost of Tanis the Slasher, a novice BaFi of Okawaru (D:6)
  Joseph (D:8)
  A hornet (D:9)
  A hippogriff (D:8)
  A basilisk (D:10)
  2 wyverns
  Grum (D:7)
  2 hungry ghosts (D:9)
  A soldier ant (D:10)
  5 porcupines (D:10)
  5 black bears
  3 orc warriors
  2 sky beasts
  3 ogres
  A phantom (D:9)
  2 centaurs
  A necrophage (D:7)
  5 wolves
  A crocodile (D:10)
  A big kobold (D:9)
  2 bullfrogs (D:9)
  A wyvern skeleton (D:10)
  3 scorpions
  12 killer bees
  A troll zombie (D:9)
  12 howler monkeys
  A crimson imp (D:9)
  6 jellies
  A quasit (D:9)
  A bullfrog zombie (D:5)
  2 centaur skeletons
  2 hounds
  6 orc priests
  A bullfrog skeleton (D:10)
  2 gnoll shamans
  3 iguanas
  8 worker ants
  5 orc wizards
  7 ogre zombies (D:9)
  A hound zombie (D:10)
  A howler monkey zombie (D:5)
  10 gnolls
  A howler monkey skeleton (D:4)
  13 adders
  5 shadow imps
  5 oozes (D:9)
  An adder zombie (D:7)
  An adder skeleton (D:5)
  4 worms
  A dart slug (D:2)
  6 leopard geckos
  29 orcs
  4 ball pythons
  7 bats
  4 giant cockroaches
  10 hobgoblins
  12 jackals
  4 quokkas
  8 frilled lizards
  6 goblins
  2 goblin skeletons (D:9)
  2 goblin zombies (D:9)
  2 hobgoblin skeletons (D:9)
  2 hobgoblin zombies (D:9)
  10 kobolds
  A leopard gecko skeleton (D:9)
  2 orc skeletons (D:9)
  15 orc zombies (D:9)
  A quokka skeleton (D:8)
  A quokka zombie (D:5)
  14 rats
308 creatures vanquished.

Notes
Turn   | Place    | Note
-------+----------+-------------------------------------------
     0 | D:1      | Kohma the Minotaur Fighter began the quest for the Orb.
     0 | D:1      | Reached XP level 1. HP: 19/19 MP: 0/0
    96 | D:1      | Reached skill level 3 in Long Blades
    96 | D:1      | Reached XP level 2. HP: 27/27 MP: 1/1
   862 | D:2      | Reached XP level 3. HP: 33/33 MP: 2/2
   879 | D:2      | Found a hide-covered altar of Uskayaw.
   942 | D:2      | Found an ancient bone altar of Kikubaaqudgha.
  1019 | D:2      | Reached skill level 4 in Long Blades
  1244 | D:2      | Found a shimmering altar of Xom.
  1279 | D:2      | Reached XP level 4. HP: 35/40 MP: 3/3
  1831 | D:3      | Reached XP level 5. HP: 47/47 MP: 4/4
  1974 | D:3      | Reached skill level 5 in Long Blades
  2701 | D:4      | Found an iron altar of Okawaru.
  2724 | D:4      | Found a shattered altar of Ashenzari.
  2804 | D:4      | Became a worshipper of Warmaster Okawaru
  2902 | D:4      | Reached skill level 5 in Fighting
  2902 | D:4      | Reached skill level 5 in Shields
  2915 | D:4      | Noticed an ogre
  2922 | D:4      | Killed an ogre
  2922 | D:4      | Reached XP level 6. HP: 49/56 MP: 5/5
  2949 | D:4      | Reached skill level 6 in Long Blades
  3050 | D:4      | Reached * piety under Okawaru
  3085 | D:4      | Found a staircase to the Ecumenical Temple.
  3091 | Temple   | Entered the Ecumenical Temple
  3271 | D:5      | Entered Level 5 of the Dungeon
  3354 | D:5      | Reached XP level 7. HP: 49/62 MP: 6/6
  3448 | D:5      | Reached skill level 7 in Long Blades
  3474 | D:5      | Found a burning altar of Makhleb.
  3476 | D:5      | Paralysed by an orc for 4 turns
  3851 | D:5      | Reached ** piety under Okawaru
  4073 | D:6      | Noticed Tanis's ghost (novice BaFi)
  4127 | D:6      | Killed Tanis's ghost
  4127 | D:6      | Reached skill level 8 in Long Blades
  4127 | D:6      | Reached XP level 8. HP: 20/73 MP: 5/7
  4188 | D:6      | Reached skill level 9 in Long Blades
  5277 | D:7      | Found a white marble altar of Elyvilon.
  5784 | D:8      | Found a bloodstained altar of Trog.
  5784 | D:8      | Noticed Grum
  5784 | D:8      | Noticed Gastronok
  5792 | D:7      | Reached skill level 10 in Long Blades
  5859 | D:8      | Reached *** piety under Okawaru
  5863 | D:8      | Reached XP level 9. HP: 59/81 MP: 8/8
  6024 | D:8      | Noticed a two-headed ogre
  6040 | D:7      | Killed a two-headed ogre
  6040 | D:7      | Reached **** piety under Okawaru
  6040 | D:7      | Reached skill level 11 in Long Blades
  6367 | D:7      | Reached skill level 12 in Long Blades
  6487 | D:8      | Killed Gastronok
  6487 | D:8      | Received a gift from Okawaru
  6487 | D:8      | Reached ***** piety under Okawaru
  6487 | D:8      | Received a gift from Okawaru
  6487 | D:8      | Reached skill level 13 in Long Blades
  6487 | D:8      | Reached skill level 10 in Shields
  6487 | D:8      | Reached XP level 10. HP: 43/88 MP: 7/9
  6661 | D:8      | Found an opulent altar of Gozag.
  6734 | D:8      | Noticed 359359's ghost (novice HuBe)
  6756 | D:7      | Killed Grum
  6756 | D:7      | Received a gift from Okawaru
  6757 | D:7      | Found the +3 pair of gauntlets of War {Slay+5}
  6780 | D:8      | Killed 359359's ghost
  6813 | D:8      | Found Kuzeeqem's Book Shop.
  6827 | D:8      | Reached skill level 14 in Long Blades
  6880 | D:8      | Noticed Joseph
  6897 | D:8      | Killed Joseph
  8019 | D:9      | Reached XP level 11. HP: 94/94 MP: 10/10
  8131 | D:9      | Found a staircase to the Orcish Mines.
  8207 | Orc:1    | Entered Level 1 of the Orcish Mines
  8216 | Orc:1    | Noticed Nergalle
  8220 | Orc:1    | Noticed a spectral orc warlord
  8247 | Orc:1    | Noticed a two-headed ogre
  8255 | D:9      | Noticed a spectral orc warlord
  8261 | D:9      | Killed Nergalle
  8261 | D:9      | Reached skill level 1 in Invocations
  8434 | Orc:1    | Killed a two-headed ogre
  8482 | D:9      | Reached skill level 5 in Armour
  8889 | D:10     | Entered Level 10 of the Dungeon
  9155 | D:10     | Found a staircase to the Lair.
  9504 | D:10     | Noticed a two-headed ogre
  9513 | D:10     | Killed a two-headed ogre
  9586 | D:10     | Identified a scroll of acquirement
  9711 | D:11     | Noticed 359359's ghost (journeyman TeFE)
  9724 | D:11     | Reached ****** piety under Okawaru
  9724 | D:11     | Received a gift from Okawaru
  9762 | D:11     | Killed 359359's ghost
  9769 | D:11     | Incinerated by 359359's ghost

Skill      XL: |  1  2  3  4  5  6  7  8  9 10 11 |
---------------+----------------------------------+-----
Long Blades    | 3 4 5 6 8 10 13 14 | 14.0
Fighting       | 4 5 7 8 9 |  9.0
Shields        | 4 5 7 10 12 13 | 13.6
Armour         | 6 |  6.9
Invocations    | 3 |  3.2

Action                   |  1- 3 |  4- 6 |  7- 9 | 10-12 || total
-------------------------+-------+-------+-------+-------++-------
Melee: Long sword        |   108 |   170 |   317 |   386 ||   981
       Headbutt          |    17 |    36 |    67 |   102 ||   222
       Scimitar          |       |       |       |    60 ||    60
Throw: Javelin           |       |       |     1 |       ||     1
Invok: Heroism           |       |       |     3 |     1 ||     4
       Finesse           |       |       |       |     1 ||     1
Evoke: Wand              |       |       |       |     2 ||     2
  Use: Scroll            |       |    12 |     3 |     5 ||    20
       Potion            |       |       |     3 |       ||     3
  Eat: Chunk             |     1 |     7 |     7 |    10 ||    25
       Ration            |       |       |     1 |     1 ||     2
Armor: Scale mail        |    43 |    61 |       |       ||   104
       Plate armour      |       |    15 |   121 |   170 ||   306
Dodge: Dodged            |    33 |    44 |    47 |    51 ||   175
Block: Shield            |    51 |    82 |   184 |   273 ||   590
       Reflection        |       |       |     6 |     6 ||    12
       Rpst.: Long sword |    10 |     9 |     8 |     9 ||    36
       Scimitar          |       |       |       |     1 ||     1
